 Dungeon Crawl Stone Soup version 0.17-a0-1748-g222fba8 (webtiles) character file.

55 Medar the Ruffian (level 3, -1/31 HPs)
             Began as a Naga Transmuter on Sept 1, 2015.
             Slain by a worker ant (6 damage)
             ... on level 4 of the Dungeon.
             The game lasted 00:05:47 (2385 turns).

Medar the Ruffian (Naga Transmuter)                 Turns: 2385, Time: 00:05:47

Health: -1/31      AC:  3    Str: 12    XL:     3   Next: 93%
Magic:  6/6        EV: 10    Int: 14    God:
Gold:   146        SH:  0    Dex: 11    Spells: 3 memorised, 0 levels left

rFire  . . .     SeeInvis +       - Unarmed
rCold  . . .     Clarity  .     b - +0 robe
rNeg   . . .     SustAt   +     (no shield)
rPois  +         Gourm    .     (no helmet)
rElec  .         Spirit   .     (no cloak)
rCorr  .         Warding  .     o - +0 pair of gloves
rMut   .         Stasis   .     (no barding)
MR     .....                    (no amulet)
Stlth  +.........               p - ring of sustain attributes
                                g - ring of see invisible

@: short of breath, appendage (expiring), very slow, not resistant to hostile
enchantments, very unstealthy
A: horns 2, see invisible, deformed body, poison resistance, slowness 2, slow
metabolism 1, spit poison 2, AC +1
a: Spit Poison, End Transformation


You were on level 4 of the Dungeon.
You were not hungry.
You had grown temporary horns.
You visited 1 branch of the dungeon, and saw 4 of its levels.

You collected 146 gold pieces.

Inventory:

Missiles
 a - 32 arrows
 h - 2 needles of confusion
 w - 17 poisoned needles
Armour
 b - a +0 robe (worn)
 o - a +0 pair of gloves (worn)
Jewellery
 g - a ring of see invisible (left hand)
 p - a ring of sustain attributes (right hand)
Scrolls
 e - a scroll of fear
 f - 2 scrolls of remove curse {@r1}
 j - a scroll of magic mapping {unknown}
 k - a scroll of amnesia {unknown}
 m - a scroll of noise {unknown}
 n - a scroll of recharging
 x - a scroll of random uselessness {unknown}
 y - a scroll of enchant weapon {unknown}
Potions
 i - a potion of ambrosia {unknown}
 l - a potion of flight
 q - a potion of haste {unknown}
 u - a potion of poison {unknown}
Books
 c - a book of Changes

   Spells                             Type                      Level
   a - Beastly Appendage              Transmutation                1
   b - Sticks to Snakes               Transmutation                2
   c - Spider Form                    Transmutation/Poison         3
   d - Ice Form                       Ice/Transmutation            4
   e - Blade Hands                    Transmutation                5
Comestibles
 d - 4 bread rations {@e1}
 s - a meat ration {@e2}
 t - 3 fruits
 v - a beef jerky


   Skills:
 - Level 1.0 Fighting
 - Level 1.5 Dodging
 - Level 4.1 Unarmed Combat
 - Level 2.0 Spellcasting
 - Level 3.0 Transmutations
 + Level 0.0 Poison Magic


You couldn't memorise any spells.
You knew the following spells:

 Your Spells              Type           Power        Failure   Level  Hunger
d - Sticks to Snakes      Trmt           #.........   12%         2    ###....
f - Spider Form           Trmt/Pois      #.........   38%         3    ####...
s - Beastly Appendage     Trmt           #.....       10%         1    ##.....


Dungeon Overview and Level Annotations

Branches:
Dungeon (4/15)
 Temple: D:4-7

Altars:


Innate Abilities, Weirdness & Mutations

You cannot wear boots.
Your serpentine skin is tough (AC +1).
You have supernaturally acute eyesight.
Armour fits poorly on your strangely shaped body.
Your system is resistant to poisons.
You cover ground very slowly.
You have a slow metabolism.
You can spit poison.
You have a pair of horns on your head.


Message History

You are poisoned.
The worker ant poisons you!
Use which ability? (? or * to list)
Press: ? - help, Shift-Dir - straight line, f/p - worker ant
Aim: a worker ant (severely wounded)
You fail to use your ability.
You feel sick. The worker ant bites you!
* * * LOW HITPOINT WARNING * * *
Drink which item? (? for menu, Esc to quit)
You feel better. The worker ant bites you!
* * * LOW HITPOINT WARNING * * *
Use which ability? (? or * to list)
Press: ? - help, Shift-Dir - straight line, f/p - worker ant
Aim: a worker ant (severely wounded)
The splash of poison hits the worker ant.
The worker ant is poisoned.
The worker ant is severely wounded.
You feel slightly more hungry.
The worker ant bites you but does no damage.
The worker ant bites you.
You die...

###############
#..@a..........
#.####.########
#<# #.# ### ###


You could see a worker ant.

Vanquished Creatures
  An adder (D:3)
  A giant gecko (D:2)
  An orc (D:3)
  8 bats
  6 hobgoblins
  5 kobolds
  2 quokkas (D:3)
  2 ball pythons (D:1)
  2 giant cockroaches (D:2)
  5 giant newts (D:1)
  5 goblins
  7 rats
45 creatures vanquished.

Notes
Turn   | Place    | Note
--------------------------------------------------------------
     0 | D:1      | Medar the Naga Transmuter began the quest for the Orb.
     0 | D:1      | Reached XP level 1. HP: 18/18 MP: 3/3
   382 | D:1      | Reached XP level 2. HP: 25/25 MP: 3/5
  1161 | D:2      | Reached skill level 4 in Unarmed Combat
  1165 | D:2      | Learned a level 2 spell: Sticks to Snakes
  1346 | D:2      | Reached XP level 3. HP: 31/31 MP: 4/6
  1367 | D:2      | Learned a level 3 spell: Spider Form
  2385 | D:4      | Slain by a worker ant

Vault maps used:
D:1:      tarquinn_simple_flora_water_e
D:2:      first_bread
D:4:      small_statue_intersection, uniq_grinder

Action                   || total
-------------------------++-------
Melee: Unarmed           ||   129
 Cast: Beastly Appendage ||    30
 Abil: Spit Poison       ||    15
  Use: Scroll            ||     5
       Potion            ||     1
  Eat: Chunk             ||     5
